 Dungeon Crawl Stone Soup version 0.22-a0-422-g9628fc8 (webtiles) character file.

236 PegasusDuck the Conjurer (level 6, -1/35 HPs)
             Began as a Tengu Wanderer on May 17, 2018.
             Slain by Sigmund
             ... wielding a +0 scythe
              (8 damage)
             ... on level 4 of the Dungeon.
             The game lasted 00:08:59 (4094 turns).

PegasusDuck the Conjurer (Tengu Wanderer)           Turns: 4094, Time: 00:09:00

Health: -1/35      AC:  5    Str: 12    XL:     6   Next: 6%
Magic:  12/12      EV: 12    Int: 14    God:
Gold:   236        SH:  0    Dex: 14    Spells: 7/12 levels left

rFire    . . .     SeeInvis .   u - +2 war axe (elec)
rCold    . . .     Gourm    .   (no shield)
rNeg     . . .     Faith    .   d - +0 robe
rPois    .         Spirit   .   (helmet restricted)
rElec    .         Reflect  .   (no cloak)
rCorr    .         Harm     .   n - +2 pair of gloves
MR       .....                  (boots unavailable)
Stlth    ++........             (no amulet)
HPRegen  0.11/turn              (no ring)
MPRegen  0.13/turn              (no ring)

@: no status effects
A: beak, talons 3, able to fly 1
a: Fly


You were on level 4 of the Dungeon.
You were not hungry.

You visited 1 branch of the dungeon, and saw 4 of its levels.

You collected 236 gold pieces.

Inventory:

Hand Weapons
 p - a +2 mace of holy wrath
 u - a +2 war axe of electrocution (weapon)
Armour
 d - a +0 robe (worn)
 n - a +2 pair of gloves (worn)
Scrolls
 a - a scroll of enchant armour
 j - 2 scrolls of teleportation
Potions
 b - a potion of might {unknown}
 c - a potion of cancellation {unknown}
 g - a potion of heal wounds {unknown}
 h - a potion of agility
 k - a potion of flight {unknown}
 l - 2 potions of mutation {unknown}
 m - a potion of berserk rage {unknown}
 o - 2 potions of lignification {unknown}
 q - a potion of resistance {unknown}
 r - 2 potions of brilliance {unknown}
Comestibles
 f - 6 rations


   Skills:
 - Level 2.2 Fighting
   Level 2.1 Short Blades
 - Level 1.1 Dodging
 - Level 2.0 Stealth
 * Level 3.8 Spellcasting
 - Level 5.1 Conjurations
   Level 1.0 Evocations


You had 7 spell levels left.
You knew the following spells:

 Your Spells              Type           Power        Failure   Level  Hunger
a - Magic Dart            Conj           ###.         2%          1    None
b - Summon Small Mammal   Summ           #...         21%         1    None
c - Dazzling Spray        Conj/Hex       #.....       21%         3    ###....

Your spell library contained the following spells:

 Spells                   Type           Power        Failure   Level  Hunger
 Iskenderun's Mystic Bla  Conj           ###.....     24%         4    ####...
 Call Canine Familiar     Summ           #.......     52%         3    ###....
 Fulminant Prism          Conj/Hex       #.........   56%         4    ####...
 Force Lance              Conj/Tloc      #.......     56%         4    ####...
 Searing Ray              Conj           ###...       3%          2    ##.....


Dungeon Overview and Level Annotations

Branches:
Dungeon (4/15)
 Temple: D:4-7

Altars:
Fedhas

Annotations:
D:4 Sigmund


Innate Abilities, Weirdness & Mutations

You have a beak for a mouth.
You have claws for feet.
You can fly.


Message History

The orc hits you but does no damage. The orc hits you with a mace.
You hit the orc but do no damage. You closely miss the orc. The orc misses you.
Sigmund mumbles some strange words.
Sigmund flickers and vanishes!
Deactivating autopickup; reactivate with Ctrl-A.
The orc closely misses you. The orc hits you but does no damage.
You barely miss the orc. You hit the orc. The orc hits you with a mace.
The orc hits you with a hand axe. Something hits you.
Unknown command.
As you read the scroll of teleportation, it crumbles to dust.
You feel strangely unstable. The orc closely misses you.
The orc hits you but does no damage. Something hits you.
* * * LOW HITPOINT WARNING * * *
Unknown command.
Your surroundings suddenly seem different.
Something hits you.
* * * LOW HITPOINT WARNING * * *
Unknown command.
Something hits you!
You die...

#.# #.####o####o....#
#.# #.# #@#..........
#.#########.# ##.#.#
.....#.
#.#.........###..<.#
#o..##
#...............#..#
#.##
##....########....## o#
......# #..... .#
##...## ####.### ##.##
#...@###.# #.#
#........##. #.#
#o{o........ #.#
#..#####.##. ## ..
##..###...... .#
#............ .#
#####.###.#..##..#.
#.....# #.#.#..#.@#
.###.###†###.........##


You could see 2 orcs.

Vanquished Creatures
  A centaur skeleton (D:4)
  Natasha (D:2)
  Terence (D:2)
  An orc wizard (D:4)
  A worker ant (D:4)
  3 adders
  An ooze (D:3)
  A worm (D:4)
  2 dart slugs
  3 leopard geckos
  4 orcs (D:3)
  2 giant cockroaches
  10 goblins
  2 hobgoblins
  6 jackals
  3 quokkas
  A ball python (D:4)
  8 bats
  3 frilled lizards
  9 kobolds
  A leopard gecko skeleton (D:4)
  5 rats
69 creatures vanquished.

Notes
Turn   | Place    | Note
-------+----------+-------------------------------------------
     0 | D:1      | PegasusDuck the Tengu Wanderer began the quest for the Orb.
     0 | D:1      | PegasusDuck set off with: a +0 short sword, a +0 robe, a +0 dagger, a ration
     0 | D:1      | Reached XP level 1. HP: 12/12 MP: 3/3
     2 | D:1      | Learned a level 1 spell: Magic Dart
   231 | D:1      | Reached skill level 3 in Conjurations
   380 | D:1      | Reached XP level 2. HP: 13/16 MP: 0/4
   797 | D:1      | Reached skill level 4 in Conjurations
   900 | D:2      | Reached XP level 3. HP: 19/20 MP: 1/6
  1794 | D:2      | Learned a level 1 spell: Summon Small Mammal
  1862 | D:2      | Reached XP level 4. HP: 19/25 MP: 3/8
  2112 | D:2      | Noticed Natasha
  2115 | D:2      | Killed Natasha
  2645 | D:3      | Learned a level 3 spell: Dazzling Spray
  2706 | D:3      | Noticed Terence
  2734 | D:2      | Killed Terence
  2734 | D:2      | Gained mutation: You can fly. [Tengu growth]
  2734 | D:2      | Reached XP level 5. HP: 27/30 MP: 0/10
  2766 | D:3      | Found a blossoming altar of Fedhas.
  2843 | D:3      | Reached skill level 5 in Conjurations
  3444 | D:4      | Noticed Sigmund
  4086 | D:4      | Reached XP level 6. HP: 26/35 MP: 12/12
  4094 | D:4      | Slain by Sigmund

Vault maps used:
D:1:      dpeg_arrival_orchard
D:2:      minmay_crystal_water, kennysheep_cluttered_room, feat_on_display,
          uniq_natasha
D:3:      fedhas_altar_3, uniq_terence
D:4:      first_ration, uniq_sigmund

Skill      XL: |  1  2  3  4  5 |
---------------+----------------+-----
Conjurations   | 3 4 5 |  5.1
Spellcasting   | 2 3 |  3.8
Fighting       | 2 |  2.2
Short Blades   | |  2.1
Dodging        | |  1.1
Stealth        | |  2.0
Evocations     | |  1.0

Action                   |  1- 3 |  4- 6 || total
-------------------------+-------+-------++-------
Melee: Short sword       |    13 |     8 ||    21
       Kick              |     3 |    13 ||    16
       Peck              |     3 |     6 ||     9
       Mace              |       |    27 ||    27
       War axe           |       |    14 ||    14
 Cast: Magic Dart        |    99 |    41 ||   140
       Summon Small Mamm |     1 |     4 ||     5
       Dazzling Spray    |       |     5 ||     5
  Use: Scroll            |     4 |     6 ||    10
       Potion            |       |     1 ||     1
 Stab: Sleeping          |       |     2 ||     2
  Eat: Chunk             |     4 |     5 ||     9
       Ration            |     1 |     1 ||     2
Armor: Robe              |     8 |    17 ||    25
Dodge: Dodged            |    28 |    49 ||    77

Table legend:
 A = Spawn XP
 B = Non-spawn XP
 C = Spawn XP percentage of total XP
 D = Spawn monster count
 E = Non-spawn monster count
 F = Spawn count percentage of total count
 G = Total turns spent on level
                    A         B        C        D         E        F      G
               +---------+---------+-------+---------+---------+-------+---------
         Total |       0 |     338 |   0.0 |       0 |      69 |   0.0 |  4094
               +---------+---------+-------+---------+---------+-------+---------
           D:1 |       0 |      33 |   0.0 |       0 |      19 |   0.0 |   889
           D:2 |       0 |     131 |   0.0 |       0 |      24 |   0.0 |  1745
           D:3 |       0 |      56 |   0.0 |       0 |      19 |   0.0 |  1080
           D:4 |       0 |     118 |   0.0 |       0 |       7 |   0.0 |   380
               +---------+---------+-------+---------+---------+-------+---------
